 Dungeon Crawl Stone Soup version 0.28.0-43-g3370ac3207 (webtiles) character file.

Game seed: 10163030945141262670

1706 MisterFreud the Cutter (level 9, -3/73 HPs)
             Began as a Gnoll Cinder Acolyte on Mar 28, 2022.
             Was a High Priest of Ignis.
             Slain by a scorpion (5 damage)
             ... on level 6 of the Dungeon.
             The game lasted 00:08:54 (6258 turns).

MisterFreud the Cutter (Gnoll Cinder Acolyte)       Turns: 6258, Time: 00:08:55

Health: -3/73      AC:  5    Str: 13    XL:     9   Next: 3%
Magic:  0/16       EV: 12    Int: 18    God:    Ignis [*****.]
Gold:   286        SH:  0    Dex:  8    Spells: 15/17 levels left

rFire   + . .      SeeInvis .   a - +0 short sword (flame)
rCold   + . .      Faith    .   (no shield)
rNeg    . . .      Spirit   +   b - +0 robe
rPois   .          Reflect  .   (no helmet)
rElec   .          Harm     .   n - +2 cloak
rCorr   +          Rampage  .   (no gloves)
Will    .....                   (no boots)
Stlth   ++........              q - amulet of guardian spirit
HPRegen 0.22/turn               c - ring of resist corrosion
MPRegen 0.15/turn               s - ring of protection from cold

@: no status effects
A: fangs 1, strong nose, distributed training
a: Renounce Religion, Fiery Armour, Foxfire Swarm, Rising Flame


You were on level 6 of the Dungeon.
You worshipped Ignis.
Ignis was extremely pleased with you.
You visited 1 branch of the dungeon, and saw 6 of its levels.

You collected 286 gold pieces.

Inventory:

Hand Weapons
 a - a +0 short sword of flaming (weapon)
Missiles
 h - 4 boomerangs
 m - a throwing net
 p - 17 poisoned darts (quivered)
Armour
 b - a +0 robe (worn)
 n - a +2 cloak (worn)
Jewellery
 c - a ring of resist corrosion (left hand)
 q - an amulet of guardian spirit (around neck)
 s - a ring of protection from cold (right hand)
Scrolls
 k - a scroll of enchant weapon
 l - a scroll of fear
 o - a scroll of noise
Potions
 g - a potion of heal wounds
 j - 2 potions of invisibility
 r - 2 potions of lignification
 t - a potion of resistance
 v - a potion of ambrosia {unknown}


   Skills:
 + Level 7.6 Fighting
 + Level 7.6 Short Blades
 + Level 3.8 Long Blades
 + Level 3.8 Axes
 + Level 3.8 Maces & Flails
 + Level 3.8 Polearms
 + Level 3.8 Staves
 + Level 3.8 Slings
 + Level 3.8 Bows
 + Level 3.8 Crossbows
 + Level 3.8 Throwing
 + Level 3.8 Armour
 + Level 3.8 Dodging
 + Level 3.8 Stealth
 + Level 3.8 Shields
 + Level 3.8 Unarmed Combat
 + Level 4.8 Spellcasting
 + Level 3.1 Conjurations
 + Level 3.1 Hexes
 + Level 3.1 Summonings
 + Level 3.1 Necromancy
 + Level 3.1 Translocations
 + Level 3.1 Transmutations
 + Level 6.3 Fire Magic
 + Level 3.1 Ice Magic
 + Level 3.1 Air Magic
 + Level 3.1 Earth Magic
 + Level 3.1 Poison Magic
 + Level 4.2 Invocations
 + Level 3.8 Evocations


You had 15 spell levels left.
You knew the following spells:

 Your Spells              Type           Power      Damage    Failure   Level
a - Scorch                Fire           54%        2d7       1%          2

Your spell library contained the following spells:

 Spells                   Type           Power      Damage    Failure   Level
 Animate Skeleton         Necr           30%        N/A       3%          1
 Magic Dart               Conj           60%        1d6       3%          1
 Pain                     Necr           60%        1d7       3%          1
 Call Imp                 Summ           15%        N/A       5%          2
 Sublimation of Blood     Necr           15%        N/A       5%          2
 Gell's Gravitas          Tloc           15%        N/A       11%         3
 Lesser Beckoning         Tloc           15%        N/A       11%         3
 Mephitic Cloud           Conj/Pois/Air  15%        N/A       11%         3
 Teleport Other           Tloc           15%        N/A       11%         3
 Vampiric Draining        Necr           15%        2d7       11%         3
 Petrify                  Tmut/Erth      15%        N/A       36%         4
 Irradiate                Conj/Tmut      7%         3d16      71%         5


Dungeon Overview and Level Annotations

Branches:
Dungeon (6/15)             Temple (0/1) D:6

Altars:
Ashenzari

Shops:
D:4 *


Innate Abilities, Weirdness & Mutations

You have very sharp teeth.
Your uncanny sense of smell can sniff out nearby items.
Your experience applies equally to all skills.


Message History

The puff of flame misses the scorpion.
The scorpion misses you.
Unknown command.
Aiming: Throw Flame
Press: ? - help, Shift-Dir - straight line, f/p - scorpion
Aim: a scorpion (severely wounded, 71% to hit)
The puff of flame hits the scorpion but does no damage.
The scorpion is severely wounded.
The scorpion stings you but does no damage.
Aiming: Throw Flame
Press: ? - help, Shift-Dir - straight line, f/p - scorpion
Aim: a scorpion (severely wounded, 71% to hit)
The puff of flame hits the scorpion but does no damage.
The scorpion is severely wounded.
The scorpion closely misses you. x2
Aiming: Throw Flame
Press: ? - help, Shift-Dir - straight line, f/p - scorpion
Aim: a scorpion (severely wounded, 71% to hit)
The puff of flame misses the scorpion.
The scorpion stings you.
* * * LOW HITPOINT WARNING * * *
Aiming: Throw Flame
Press: ? - help, Shift-Dir - straight line, f/p - scorpion
Aim: a scorpion (severely wounded, 71% to hit)
The puff of flame hits the scorpion but does no damage.
The scorpion is severely wounded.
The now-empty wand crumbles to dust.
The scorpion completely misses you.
Casting: Scorch (safe; 1% risk of failure)
Confirm with . or Enter, or press ? or * to list all spells.
Flames lash the scorpion.
The scorpion is almost dead.
The scorpion's fire resistance burns away.
The scorpion closely misses you.
You closely miss the scorpion.
You bite the scorpion, but do no damage.
The scorpion is almost dead.
The scorpion stings you.
* * * LOW HITPOINT WARNING * * *
You closely miss the scorpion.
The scorpion is almost dead.
The scorpion stings you.
You die...

#.........##.#
######.#.....
#......(#.##.#
#.............
#.......#..#.#
#...#.#......#
...########.#.#
#..#.#.#.....# ....
#...# #.#.#.#.#....#
.... ##..#
#..#.>.#.....#
#..###.#.#.#.#....#
####.s..#.(#.#.#.....#
#....@#.#...#.#......#
#.#####.#........(...#
# #.....##.##....#
#.....##.......#
##....##########
......# ##.....#
#....)# ∆......#


You could see a scorpion (combustible).

Vanquished Creatures
  Pikel (D:5)
  A water moccasin (D:5)
  A necrophage (D:4)
  An ogre (D:4)
  2 centaurs (D:6)
  2 lemures (D:5)
  Blork the orc (D:5)
  A water moccasin zombie (D:6)
  A scorpion (D:5)
  A wyvern skeleton (D:6)
  A water moccasin skeleton (D:6)
  A centaur zombie (D:5)
  A bullfrog skeleton (D:6)
  A centaur skeleton (D:4)
  A gnoll shaman (D:5)
  2 hounds
  An orc priest (D:3)
  A jelly (D:6)
  An iguana (D:4)
  Terence (D:2)
  An orc wizard (D:3)
  A hound skeleton (D:4)
  12 gnolls
  A shadow imp (D:6)
  2 white imps
  A worm (D:3)
  5 orcs
  4 ball pythons
  6 endoplasms
  6 giant cockroaches
  6 goblins
  4 hobgoblins
  7 jackals
  8 quokkas
  6 bats
  5 frilled lizards
  5 kobolds
  5 rats
108 creatures vanquished.

Notes
Turn   | Place    | Note
-------+----------+-------------------------------------------
     0 | D:1      | MisterFreud the Gnoll Cinder Acolyte began the quest for
                  | the Orb.
     0 | D:1      | Reached XP level 1. HP: 23/23 MP: 4/4
   181 | D:1      | Reached XP level 2. HP: 28/29 MP: 5/5
   184 | D:1      | Learned a level 2 spell: Scorch
   456 | D:1      | Reached XP level 3. HP: 22/35 MP: 4/7
  1430 | D:2      | Reached skill level 1 in Invocations
  1469 | D:2      | Noticed Terence
  1474 | D:2      | Killed Terence
  1475 | D:2      | Reached skill level 1 in Long Blades
  1475 | D:2      | Reached skill level 1 in Axes
  1475 | D:2      | Reached skill level 1 in Maces & Flails
  1475 | D:2      | Reached skill level 1 in Polearms
  1475 | D:2      | Reached skill level 1 in Staves
  1475 | D:2      | Reached skill level 1 in Slings
  1475 | D:2      | Reached skill level 1 in Bows
  1475 | D:2      | Reached skill level 1 in Crossbows
  1475 | D:2      | Reached skill level 1 in Throwing
  1475 | D:2      | Reached skill level 1 in Armour
  1475 | D:2      | Reached skill level 1 in Dodging
  1475 | D:2      | Reached skill level 1 in Stealth
  1475 | D:2      | Reached skill level 1 in Shields
  1475 | D:2      | Reached skill level 1 in Unarmed Combat
  1475 | D:2      | Reached skill level 1 in Evocations
  1475 | D:2      | Reached XP level 4. HP: 41/41 MP: 3/8
  1925 | D:2      | Reached skill level 1 in Conjurations
  1925 | D:2      | Reached skill level 1 in Hexes
  1925 | D:2      | Reached skill level 1 in Summonings
  1925 | D:2      | Reached skill level 1 in Necromancy
  1925 | D:2      | Reached skill level 1 in Translocations
  1925 | D:2      | Reached skill level 1 in Transmutations
  1925 | D:2      | Reached skill level 1 in Ice Magic
  1925 | D:2      | Reached skill level 1 in Air Magic
  1925 | D:2      | Reached skill level 1 in Earth Magic
  1925 | D:2      | Reached skill level 1 in Poison Magic
  2305 | D:3      | Reached XP level 5. HP: 41/47 MP: 0/9
  3079 | D:3      | Found a faded altar of an unknown god.
  3298 | D:4      | Found Temom's Fire Supplies.
  3421 | D:4      | Noticed an ogre
  3457 | D:3      | Reached XP level 6. HP: 53/53 MP: 5/11
  4053 | D:4      | Noticed a necrophage
  4056 | D:4      | Reached XP level 7. HP: 59/59 MP: 7/12
  4345 | D:4      | Found a broken altar of Ashenzari.
  4511 | D:5      | Entered Level 5 of the Dungeon
  4665 | D:5      | Noticed Blork the orc
  4672 | D:5      | Killed Blork the orc
  5358 | D:6      | Found a staircase to the Ecumenical Temple.
  5463 | D:6      | Reached XP level 8. HP: 55/67 MP: 5/14
  6039 | D:6      | Noticed Pikel
  6107 | D:5      | Killed Pikel
  6216 | D:6      | Reached XP level 9. HP: 60/73 MP: 6/16
  6257 | D:6      | HP: 2/73 [scorpion (5)]
  6258 | D:6      | Slain by a scorpion

Illustrated notes

Levels and vault maps discovered:
D:1:      dpeg_arrival_windows_large_door, layout_rooms
D:2:      layout_basic, uniq_terence
D:3:      layout_rooms, basic_ecumenical_altar
D:4:      layout_cave_pools, general_overflow_altar, nicolae_shop_fire_sale
          [nicolae_sub_dead_trees], kennysheep_generic_room_2
D:5:      layout_cave_pools, uniq_blork_the_orc
D:6:      layout_basic, okawaru_metal_pillars_1_2, minmay_temple_entry_grid,
          uniq_pikel

Skill      XL: |  1  2  3  4  5  6  7  8 |
---------------+-------------------------+-----
Invocations    | 1 2 3 4 |  4.2
Long Blades    | 1 2 3 |  3.8
Axes           | 1 2 3 |  3.8
Maces & Flails | 1 2 3 |  3.8
Polearms       | 1 2 3 |  3.8
Staves         | 1 2 3 |  3.8
Slings         | 1 2 3 |  3.8
Bows           | 1 2 3 |  3.8
Crossbows      | 1 2 3 |  3.8
Throwing       | 1 2 3 |  3.8
Armour         | 1 2 3 |  3.8
Dodging        | 1 2 3 |  3.8
Stealth        | 1 2 3 |  3.8
Shields        | 1 2 3 |  3.8
Unarmed Combat | 1 2 3 |  3.8
Evocations     | 1 2 3 |  3.8
Spellcasting   | 3 4 |  4.8
Conjurations   | 1 2 3 |  3.1
Hexes          | 1 2 3 |  3.1
Summonings     | 1 2 3 |  3.1
Necromancy     | 1 2 3 |  3.1
Translocations | 1 2 3 |  3.1
Transmutations | 1 2 3 |  3.1
Ice Magic      | 1 2 3 |  3.1
Air Magic      | 1 2 3 |  3.1
Earth Magic    | 1 2 3 |  3.1
Poison Magic   | 1 2 3 |  3.1
Fighting       | 7 |  7.6
Short Blades   | 7 |  7.6
Fire Magic     | 6 |  6.3

Action                   |  1- 3 |  4- 6 |  7- 9 || total
-------------------------+-------+-------+-------++-------
Melee: Short sword       |    53 |    26 |    37 ||   116
       Bite              |     6 |     2 |     6 ||    14
Throw: Boomerang         |     2 |     1 |       ||     3
       Dart              |       |     5 |     2 ||     7
 Cast: Scorch            |    23 |    73 |    71 ||   167
Evoke: Wand              |       |       |     6 ||     6
  Use: Scroll            |       |       |    12 ||    12
       Potion            |       |       |     1 ||     1
 Stab: Sleeping          |       |       |     1 ||     1
Armor: Robe              |    18 |    19 |    17 ||    54
Dodge: Dodged            |    40 |    42 |    56 ||   138
